 Dungeon Crawl Stone Soup version 0.29.1-4-g47bece8355 (webtiles) character file.

Game seed: 9410424057189620115

98 hawla the Firebug (level 5, 0/57 HPs)
             Began as a Meteoran Fire Elementalist on Dec 6, 2022.
             Slain by an adder (3 damage)
             ... in a sewer.
             The game lasted 00:03:34 (639 turns).

hawla the Firebug (Meteoran Fire Elementalist)       Turns: 639, Time: 00:03:35

Health: 0/57       AC:  2    Str: 13    XL:     5   Next: 21%
Magic:  2/11       EV: 13    Int: 20    God:
Gold:   56         SH:  0    Dex: 15    Spells: 4/11 levels left

rFire   . . .      SeeInvis .   e - +7 short sword of Gozag, Uplifting {vorpal, rN+ Str+4 Int+2}
rCold   . . .      Faith    .   (no shield)
rNeg    + . .      Spirit   .   a - +0 robe
rPois   .          Reflect  .   (no helmet)
rElec   .          Harm     .   (no cloak)
rCorr   .          Rampage  .   (no gloves)
Will    .....                   (no boots)
Stlth   ..........              (no amulet)
HPRegen 0.19/turn               (no ring)
MPRegen 0.12/turn               (no ring)

@: berserking, lethally poisoned (0 -> -7), very slightly contaminated, glowing,
very quick
A: sense surroundings 1, otherworldly, glowing, explore regen
a: no special abilities


You were in a sewer.
You visited 1 branch of the dungeon, and saw 4 of its levels.
You also visited: Sewer.

You collected 56 gold pieces.

Inventory:

Hand Weapons
 e - the +7 short sword of Gozag, Uplifting (weapon) {vorpal, rN+ Str+4 Int+2}
   (You found it on level 2 of the Dungeon)

   It inflicts extra damage upon your enemies.
   Str:       It affects your strength (+4).
   Int:       It affects your intelligence (+2).
   rN:        It protects you from negative energy.
Armour
 a - a +0 robe (worn)
Scrolls
 f - a scroll of immolation {unknown}
 g - a scroll of identify
 h - a scroll of brand weapon {unknown}
 i - a scroll of fear {unknown}
 j - a scroll of enchant armour {unknown}
Potions
 b - a potion of magic
 d - 4 potions of flight


   Skills:
 - Level 2.7 Dodging
 - Level 1.4 Stealth
 - Level 3.7 Spellcasting
 + Level 2.1 Conjurations
 + Level 5.3 Fire Magic


You had 4 spell levels left.
You knew the following spells:

 Your Spells              Type           Power      Damage    Failure   Level
a - Foxfire               Conj/Fire      72%        2x1d7     2%          1
b - Scorch                Fire           50%        2d7       2%          2
c - Flame Wave            Conj/Fire      18%        2d7       28%         4

Your spell library contained the following spells:

 Spells                   Type           Power      Damage    Failure   Level
 Conjure Flame            Conj/Fire      18%        6-21      9%          3
 Inner Flame              Hex/Fire       14%        N/A       13%         3


Dungeon Overview and Level Annotations

Branches:
Dungeon (4/15) Zot: 2036    Sewer (1/1) Zot: 253
 Temple: D:4-7

Altars:


Innate Abilities, Weirdness & Mutations

You passively map a small area around you.
You are easily found by Zot.
You glow in the dark.
You regain HP and MP as you explore.


Message History

The adder closely misses you. The adder bites you but does no damage.
The adder bites you.
You are more poisoned.
The adder poisons you!
Casting: Foxfire (safe; 3% risk of failure)
Confirm with . or Enter, or press ? or * to list all spells.
You conjure some foxfire!
You feel very sick. The adder misses you. The adder bites you. x2
Casting: Foxfire (safe; 3% risk of failure)
Confirm with . or Enter, or press ? or * to list all spells.
Flames lash the adder.
The adder is burned terribly!
You kill the adder!
You feel sick.
The foxfire hits the adder.
The adder is heavily wounded.
The foxfire hits the adder.
The adder is heavily wounded.
The adder bites you.
* * * LOW HITPOINT WARNING * * *
Your Conjurations skill increases to level 2!
You have reached level 5!
A red film seems to cover your vision as you go berserk!
You feel yourself moving faster!
You feel mighty!
You feel sick. The adder bites you.
* * * LOW HITPOINT WARNING * * *
The adder bites you but does no damage. The adder bites you.
* * * LOW HITPOINT WARNING * * *
The adder bites you but does no damage.
You puncture the adder!
You kill the adder!
You feel sick. The adder bites you.
* * * LOW HITPOINT WARNING * * *
You are lethally poisoned!
The adder poisons you! The adder bites you.
* * * LOW HITPOINT WARNING * * *
You hit the adder.
You kill the adder!
* * * LOW HITPOINT WARNING * * *
You feel sick. The adder bites you.
You die...

* #####~≈.####~...~ ~ ~~~~~~≈~#
###... ~ ≈≈≈≈≈.≈.####.....
~~~~~~≈~##....... *
#####~≈~###.....# ####* #~≈.#
####### , #... #~≈~#
#####''#####~≈~#
......†@..~~~~.#
......S..~~~~~.# *
#####++#####†≈~# * , #†≈.# * **
* * #~≈~#
#####################~≈~#######
~.~~~.~.†~~~~~~~~.~~~~≈~≈≈≈≈≈≈≈
≈≈≈≈≈≈≈≈≈≈≈≈≈≈≈≈≈≈≈≈≈≈≈~≈≈≈≈≈≈≈
~.~~.~~~.†~~~~~.~.~~.~~~≈≈≈≈≈≈≈


You could see an adder.

Vanquished Creatures
  6 adders
  6 worms
  An endoplasm (D:1)
  A giant cockroach (D:1)
  2 hobgoblins (D:1)
  6 jackals (Sewer)
  2 quokkas (Sewer)
  5 ball pythons
  7 bats
  2 frilled lizards
  A rat (D:3)
39 creatures vanquished.

Vanquished Creatures (others)
  77 foxfires
77 creatures vanquished.

Grand Total: 116 creatures vanquished

Notes
Turn   | Place    | Note
-------+----------+-------------------------------------------
     0 | D:1      | hawla the Meteoran Fire Elementalist began the quest for
                  | the Orb.
     0 | D:1      | Reached XP level 1. HP: 14/14 MP: 5/5
    85 | D:1      | Reached XP level 2. HP: 16/20 MP: 0/7
   101 | D:2      | Learned a level 2 spell: Scorch
   168 | D:2      | Identified the +7 short sword of Gozag, Uplifting {vorpal,
                  | rN+ Str+4 Int+2}
   282 | D:3      | Reached skill level 4 in Fire Magic
   282 | D:3      | Reached XP level 3. HP: 26/26 MP: 3/8
   299 | D:3      | Identified the +5 scale mail of Mocisovy {Dex+4}
   342 | D:4      | Found a glowing drain.
   362 | Sewer    | Entered a sewer
   403 | Sewer    | Reached XP level 4. HP: 33/33 MP: 0/10
   408 | Sewer    | Learned a level 4 spell: Flame Wave
   579 | Sewer    | Reached skill level 5 in Fire Magic
   637 | Sewer    | Reached XP level 5. HP: 9/38 MP: 1/11
   639 | Sewer    | Slain by an adder

Illustrated notes

Levels and vault maps discovered:
D:1:      evilmike_arrival_plus, layout_loops_ring, st_stairs_10,
          ebering_dispersal_statue_hall
D:2:      layout_basic, uniq_jessica
D:3:      layout_basic, serial_shops, nicolae_diamond_shop
D:4:      layout_cave_pods, nicolae_uskayaw_murder_on_the_dancefloor,
          cheibrodos_sewer_entry_bend, uniq_eustachio
Sewer:    sewer_fruit_machine

Skill      XL: |  1  2  3  4 |
---------------+-------------+-----
Spellcasting   | 3 |  3.7
Fire Magic     | 4 5 |  5.3
Conjurations   | 2 |  2.1
Dodging        | |  2.7
Stealth        | |  1.4

Action                   |  1- 3 |  4- 6 || total
-------------------------+-------+-------++-------
Melee: Unarmed           |     2 |       ||     2
       Short sword       |     3 |     2 ||     5
 Cast: Foxfire           |    25 |    21 ||    46
       Scorch            |     7 |     5 ||    12
  Use: Scroll            |     2 |       ||     2
       Potion            |       |     1 ||     1
Armor: Robe              |     2 |     3 ||     5
Dodge: Dodged            |     5 |     7 ||    12
